 Dungeon Crawl Stone Soup version 0.32-a0-886-g41c5271027 (webtiles) character file.

Game seed: 4879018583210464553

245389 RepHenryClay the Eclecticist (level 19, -7/150 HPs)
             Began as a Gnoll Hedge Wizard on Apr 1, 2024.
             Was the Champion of Okawaru.
             Mangled by a phantasmal warrior (24 damage)
             ... summoned by a vampire mage
             ... on level 2 of the Vaults on Apr 2, 2024.
             The game lasted 02:03:15 (42179 turns).

RepHenryClay the Eclecticist (Gnoll Hedge Wizard)  Turns: 42179, Time: 02:03:15

Health: -7/150     AC: 23    Str: 14    XL:     19   Next: 47%
Magic:  10/48      EV: 19    Int: 28    God:    Okawaru [******]
Gold:   636        SH: 15    Dex: 29    Spells: 22/48 levels left

rFire   + + .        a - +11 falchion of Thoughtfulness {protect, rF++}
rCold   + . .        w - +0 kite shield {rC+}
rNeg    . . .        Z - +6 scale mail of the Nexus {rCorr Dex+8}
rPois   +            x - +3 hat of Pondering {ponderous, Will+ MP+10 Int+5}
rElec   .            c - scarf "Torour" {+Inv, Int+3 Dex+3}
rCorr   +            X - +0 pair of gloves {Stlth+}
SInv    .            T - +2 pair of boots of Dutiofri {Will++ Str+3}
Will    ++++.        z - amulet of regeneration
Stlth   ++++++       E - ring of poison resistance
HPRegen 1.25/turn    y - +6 ring of intelligence
MPRegen 0.31/turn

%: no passive effects
@: very slightly contaminated, slow
A: fangs 1, strong nose, distributed training
}: 2/15 runes: serpentine, barnacled
a: Renounce Religion, Evoke Invisibility, Heroism, Finesse, Duel, Receive Weapon


You were on level 2 of the Vaults.
You worshipped Okawaru.
Okawaru was exalted by your worship.
You visited 7 branches of the dungeon, and saw 33 of its levels.
You also visited: Sewer, Ice Cave and Volcano.

You collected 2655 gold pieces.
You spent 2019 gold pieces at shops.

Inventory:

Hand Weapons
 a - the +11 falchion of Thoughtfulness (weapon) {protect, rF++}
   (You found it on level 9 of the Dungeon)

   rF++:      It greatly protects you from fire.
 b - a +2 dagger of venom
 O - a +0 war axe of flaming
Missiles
 f - 14 silver javelins
 I - a curare-tipped dart
 M - 7 throwing nets
 S - 26 javelins
Armour
 c - the scarf "Torour" (worn) {+Inv, Int+3 Dex+3}
   (You acquired it on level 15 of the Dungeon)

   Int+3:     It affects your intelligence (+3).
   Dex+3:     It affects your dexterity (+3).
 w - a +0 kite shield of cold resistance (worn)
 x - the +3 hat of Pondering (worn) {ponderous, Will+ MP+10 Int+5}
   (You bought it in a shop on level 2 of the Orcish Mines)

   Int+5:     It affects your intelligence (+5).
   Will+:     It increases your willpower.
   MP+10:     It affects your magic capacity (+10).
 T - the +2 pair of boots of Dutiofri (worn) {Will++ Str+3}
   (Okawaru gifted it to you on level 2 of the Lair of Beasts)

   Str+3:     It affects your strength (+3).
   Will++:    It greatly increases your willpower.
 X - a +0 pair of gloves of stealth (worn)
 Z - the +6 scale mail of the Nexus (worn) {rCorr Dex+8}
   (You found it on level 2 of the Snake Pit)

   Dex+8:     It affects your dexterity (+8).
   rCorr:     It protects you from acid and corrosion.
Magical Staves
 m - a staff of earth
 Q - a staff of fire
Jewellery
 g - a ring of protection from cold
 q - a ring of willpower
 t - a ring of positive energy
 y - a +6 ring of intelligence (right hand)
 z - an amulet of regeneration (around neck)
 E - a ring of poison resistance (left hand)
 G - a ring of wizardry
 P - the ring of Lisuirph {Ice Fly}
   (You found it in an ice cave)

   [ring of ice]

   Ice:       It enhances your ice magic.
   rF-:       It makes you vulnerable to fire.
   rC+:       It protects you from cold.
   Fly:       It grants you flight.
 V - a ring of resist corrosion
 W - a ring of see invisible
Wands
 j - a wand of digging (4)
 B - a wand of light (22)
 F - a wand of paralysis (16)
 N - a wand of warping (25)
Scrolls
 h - 6 scrolls of fog
 i - 7 scrolls of teleportation
 k - 6 scrolls of enchant armour
 l - 5 scrolls of revelation
 n - 3 scrolls of brand weapon
 o - 3 scrolls of blinking
 A - 4 scrolls of enchant weapon
 C - 2 scrolls of fear
 H - 7 scrolls of identify {@r1}
 L - 8 scrolls of amnesia
Potions
 d - 5 potions of magic
 e - 14 potions of curing
 p - 5 potions of brilliance
 r - 3 potions of heal wounds
 s - a potion of ambrosia
 D - 6 potions of enlightenment
 J - 9 potions of haste
 K - 3 potions of cancellation
 R - 8 potions of might
Miscellaneous
 u - a condenser vane
 v - a lightning rod (4/4)
 U - a Gell's gravitambourine (2/2)


   Skills:
 + Level 13.5 Fighting
 + Level 13.5 Short Blades
 + Level 13.5 Long Blades
 + Level 13.5 Axes
 + Level 13.5 Maces & Flails
 + Level 13.5 Polearms
 + Level 13.5 Staves
 + Level 13.5 Ranged Weapons
 + Level 13.5 Throwing
 + Level 13.5 Armour
 + Level 14.2 Dodging
 + Level 14.1 Stealth
 + Level 13.5 Shields
 + Level 13.5 Unarmed Combat
 + Level 15.1 Spellcasting
 + Level 11.7 Conjurations
 + Level 11.5 Hexes
 + Level 11.7 Summonings
 + Level 11.5 Necromancy
 + Level 11.7 Translocations
 + Level 11.5 Fire Magic
 + Level 11.5 Ice Magic
 + Level 11.5 Air Magic
 + Level 11.5 Earth Magic
 + Level 11.5 Alchemy
 + Level 14.7 Invocations
 + Level 13.5 Evocations
 + Level 12.5 Shapeshifting


You had 22 spell levels left.
You knew the following spells:

 Your Spells              Type           Power      Damage    Failure   Level
a - Magic Dart            Conj           100%       1d8       1%          1
b - Mephitic Cloud        Conj/Alch/Air  72%        N/A       1%          3
c - Cigotuvi's Dreadful   Necr/Alch/Air  100%       N/A       1%          2
d - Stone Arrow           Conj/Erth      100%       3d13      1%          3
e - Freezing Cloud        Conj/Ice/Air   36%        6-21      3%          5
f - Dispel Undead         Necr           72%        3d24      1%          4
g - Plasma Beam           Fire/Air       36%        2x1d49    19%         6
Q - Blink                 Tloc           100%       N/A       1%          2

Your spell library contained the following spells:

 Spells                   Type           Power      Damage    Failure   Level
 Foxfire                  Conj/Fire      100%       2x1d9     1%          1
 Sandblast                Erth           100%       2d20      1%          1
 Slow                     Hex            100%       N/A       1%          1
 Ensorcelled Hibernation  Hex/Ice        100%       N/A       1%          2
 Mercury Vapours          Alch/Air       100%       N/A       1%          2
 Frozen Ramparts          Ice            100%       1d16      1%          3
 Fugue of the Fallen      Necr           72%        N/A       1%          3
 Hailstorm                Conj/Ice       72%        3d13      1%          3
 Inner Flame              Hex/Fire       72%        N/A       1%          3
 Ozocubu's Armour         Ice            72%        N/A       1%          3
 Passwall                 Erth           72%        N/A       1%          3
 Sigil of Binding         Hex            72%        N/A       1%          3
 Swiftness                Air            72%        N/A       1%          3
 Brom's Barrelling Bould  Conj/Erth      72%        2d9       1%          4
 Ignite Poison            Fire/Alch      72%        N/A       1%          4
 Passage of Golubria      Tloc           72%        N/A       1%          4
 Vhi's Electric Charge    Tloc/Air       100%       N/A       1%          4
 Irradiate                Conj/Alch      36%        3d23      3%          5
 Metabolic Englaciation   Hex/Ice        36%        N/A       3%          5
 Silence                  Hex/Air        36%        N/A       3%          5
 Yara's Violent Unravell  Hex/Alch       36%        3d15      3%          5
 Manifold Assault         Tloc           36%        N/A       67%         7
 Ignition                 Fire           36%        3d11      100%        8
 Chain Lightning          Conj/Air       36%        3d48      100%        9
 Fire Storm               Conj/Fire      36%        8d9       100%        9
 Shatter                  Erth           36%        3d29*     100%        9
 Call Imp                 Summ           Unusable   N/A       N/A         2
 Tukima's Dance           Hex            Unusable   N/A       N/A         3
 Martyr's Knell           Necr/Summ      Unusable   N/A       N/A         4
 Death Channel            Necr           Unusable   N/A       N/A         6
 Sculpt Simulacrum        Ice/Alch       Unusable   N/A       N/A         6

Dungeon Overview and Level Annotations

Branches:
Dungeon (15/15)            Temple (1/1) D:7            Lair (5/5) D:10
 Shoals (4/4) Lair:2        Snake (4/4) Lair:2        Slime (0/5) Lair:5
    Orc (2/2) D:12            Elf (0/3) Orc:2        Vaults (1/5) D:14
  Crypt (0/3) Vaults:2     Depths (0/4) D:15          Sewer (visited)
  IceCv (visited)         Volcano (visited)

Altars:
Ashenzari
Cheibriados
Dithmenos
Elyvilon
Fedhas
Gozag
Hepliaklqana
Kikubaaqudgha
Makhleb
Nemelex Xobeh
Okawaru
Qazlal
Ru
Sif Muna
Trog
Uskayaw
Vehumet
Wu Jian
Xom
Yredelemnul
Zin
The Shining One
Beogh
Jiyva
Lugonu

Shops:
D:8 **![?   D:9 ?(=   Orc:2 (*==[   Shoals:4 :   Snake:1 (   Snake:2 [:

Portals:
Abyss: Lair:5

Annotations:
D:12 unfinished
Temple 4 transporters
Lair:1 2 transporters, TwadoKnight's ghost, journeyman MiFi
Lair:3 unfinished
Shoals:2 3 runed translucent doors, jasper's ghost, adept MiBe
Shoals:4 1 runed translucent door, CowFu's ghost, adept MiFi
Snake:2 armor manual


Innate Abilities, Weirdness & Mutations

You have very sharp teeth.
Your uncanny sense of smell can sniff out nearby items.
Your experience applies equally to all skills.


Message History

* * * LOW HITPOINT WARNING * * *
Huge Dmg: -26%(-39hp) hp: 21%(31hp) Welcome back, RepHenryClay the Gnoll Hedge Wizard.
Okawaru says: Bring me glory in combat!
Press ? for a list of commands and other information.
Cast which spell? (? or * to list)
You blink.
A yaktaur captain and 4 yaktaurs come into view.
The yaktaur shouts!
The yaktaur wields a +0 arbalest.
The yaktaur shoots a bolt.
The bolt barely misses you.
The yaktaur wields a +0 arbalest.
The yaktaur shoots a bolt.
The bolt hits you!!
* * * LOW HITPOINT WARNING * * *
The yaktaur wields a +2 arbalest of draining.
You sense an unholy aura.
The yaktaur shoots a bolt.
You block the bolt.
The yaktaur wields a +0 arbalest.
The yaktaur shoots a bolt.
The bolt hits you!
* * * LOW HITPOINT WARNING * * *
The phantasmal warrior gestures at you.
The phantasmal warrior blinks!
Huge Dmg: -19%(-29hp) hp: 2%(2hp) Welcome back, RepHenryClay the Gnoll Hedge Wizard.
Okawaru says: Bring me glory in combat!
Press ? for a list of commands and other information.
Blink to where?
Press: ? - help, Dir - move target
As you read the scroll of blinking, it crumbles to dust.
The phantasmal warrior gestures at you.
The phantasmal warrior blinks!
Blink to where?
Press: ? - help, Dir - move target
As you read the scroll of blinking, it crumbles to dust.
The phantasmal warrior gestures at you.
The phantasmal warrior blinks!
You feel ready to blink again.
Things that are here:
a +0 arbalest; a yaktaur skeleton
There is an open door, spattered with blood here.
The phantasmal warrior attacks as it pursues you!
The phantasmal warrior hits you!!
You die...

.#### ################(..[......
#'..# #..##..........#)..........
#...#####..##..........').)........
#...'......##..........#...........
#####......##..........#W).........
######'##..........#...........
#......#^.........#...........
#......#.....W....#...........
#......#....@.....#...........
#......'..........#...........
#.>....############...........
#......# #.....††§.§. #......#
#........... #......#
############'### #......+
...c............ +......#
..cc.........§.. ########
...........§.Z.§


You could see a phantasmal warrior (summoned).

Vanquished Creatures
  Nikola (Shoals:4)
  Frances (Shoals:2)
  4 nagarajas (Snake:4)
  A vault warden (Vaults:1)
  An orc warlord (Orc:2)
  A formless jellyfish (Shoals:4)
  The ghost of bmack86 the Severer, a journeyman MiFi of Okawaru (Lair:5)
  An ironbound thunderhulk (Vaults:1)
  Azrael (D:13)
  Nessos (D:13)
  4 dire elephants
  A red draconian (Volcano)
  9 merfolk impalers
  10 merfolk javelineers
  Josephine (D:13)
  Fannar (D:12)
  An ogre mage (Orc:2)
  2 salamander tyrants (Snake:4)
  10 hydras
  8 anacondas
  3 alligator snapping turtles
  An ironbound frostheart (D:14)
  A boulder beetle (D:15)
  3 merfolk avatars
  4 centaur warriors
  2 death knights (Vaults:2)
  7 merfolk aquamancers
  3 satyrs (Shoals:3)
  9 two-headed ogres
  2 vault guards (D:14)
  A death yak (D:12)
  3 orc high priests (Orc:2)
  10 naga sharpshooters
  9 shock serpents
  17 naga warriors
  4 sun demons (Shoals:2)
  4 thrashing horrors (Lair:5)
  3 salamander mystics (Snake:4)
  8 skysharks
  9 mana vipers
  20 sea snakes
  8 naga ritualists
  4 orc knights
  4 necromancers
  17 harpies
  A deep elf pyromancer (D:15)
  An oklob plant (Lair:2)
  Pikel (D:4)
  A wolf spider (D:15)
  4 orc sorcerers (Orc:2)
  7 ugly things
  5 salamanders
  15 fauns
  8 cyclopes
  19 manticores
  3 meliai (D:15)
  7 merfolk sirens
  7 elephants
  Maurice (D:8)
  29 black mambas
  4 kobold blastminers (Orc:2)
  10 water nymphs
  A guardian serpent (Snake:2)
  2 ice statues (IceCv)
  21 naga magi
  A gargoyle (D:12)
  12 cane toads
  4 smoke demons (Lair:5)
  2 unseen horrors
  7 komodo dragons
  2 kobold demonologists
  A tengu conjurer (D:15)
  An efreet (D:14)
  4 rime drakes
  8 yaktaurs
  A freezing wraith (D:14)
  A queen bee (shapeshifter) (D:14)
  4 trolls
  43 merfolk
  7 polar bears
  12 wind drakes
  27 blink frogs
  3 raiju (Lair:5)
  16 snapping turtles
  12 dream sheep
  An ettin zombie (Orc:1)
  11 slime creatures
  Sigmund (D:5)
  A shadow (D:12)
  7 water elementals
  3 ynoxinuls (Lair:5)
  Eustachio (D:6)
  A spriggan (Lair:5)
  7 wraiths
  A hog (shapeshifter) (Lair:5)
  4 wargs
  3 wyverns
  3 basilisks (Lair:5)
  4 fire elementals (D:13)
  A human (D:14)
  2 steam dragons
  46 yaks
  13 vampire mosquitoes
  3 death yak simulacra
  Menkaure (D:6)
  Edmund (D:5)
  3 acid dragons
  46 nagas
  3 hydra simulacra (D:12)
  13 water moccasins
  4 hell hounds (D:13)
  21 orc warriors
  3 black bears (Lair:2)
  An ice beast (D:6)
  6 laughing skulls (D:15)
  8 ogres
  18 wolves
  4 boggarts (Vaults:2)
  20 centaurs
  3 lemures (D:4)
  2 phantoms
  6 kobold brigands
  Blork the orc (D:5)
  3 gnoll sergeants
  2 brain worms (Sewer)
  13 bullfrogs
  9 small abominations (Lair:5)
  A scorpion (D:6)
  9 wights
  A cyclops skeleton (Orc:1)
  3 elephant simulacra
  4 troll zombies
  7 killer bees (D:9)
  5 jellies
  A bombardier beetle (D:5)
  A howler monkey (D:11)
  6 electric eels
  A troll skeleton (Orc:1)
  6 hounds
  11 orc priests
  3 gnoll boudas
  An iguana (D:7)
  14 orc wizards
  11 hell rats (Lair:1)
  A wolf simulacrum (IceCv)
  5 ogre zombies (D:12)
  Robin (D:4)
  17 gnolls
  13 adders
  An ogre simulacrum (Orc:1)
  5 river rats (Sewer)
  4 shadow imps
  3 white imps
  3 hell rat simulacra (D:12)
  An ufetubus (D:7)
  An orc simulacrum (Orc:1)
  2 ribbon worms
  49 orcs
  9 ball pythons
  10 endoplasms
  3 giant cockroaches
  4 gnoll zombies (D:12)
  18 goblins
  11 hobgoblins
  A jackal (Sewer)
  8 kobolds
  3 quokkas
  A bat (D:2)
  10 frilled lizards
  5 gnoll skeletons (D:12)
  4 orc skeletons
  18 orc zombies
  9 rats
  2 butterflies (D:6)
1142 creatures vanquished.

Vanquished Creatures (others)
  A deep elf pyromancer (D:14)
  An orc (D:6)
2 creatures vanquished.

Grand Total: 1144 creatures vanquished

Notes
Turn   | Place    | Note
-------+----------+-------------------------------------------
     0 | D:1      | RepHenryClay the Gnoll Hedge Wizard began the quest for the
                  | Orb.
     0 | D:1      | Reached XP level 1. HP: 13/13 MP: 8/8
   224 | D:1      | Reached XP level 2. HP: 19/19 MP: 2/10
   761 | D:2      | Learned a level 2 spell: Blink
   764 | D:2      | Learned a level 2 spell: Cigotuvi's Dreadful Rot
   874 | D:2      | Reached XP level 3. HP: 20/25 MP: 9/11
   883 | D:2      | Reached skill level 1 in Invocations
  1031 | D:2      | Reached skill level 1 in Fighting
  1031 | D:2      | Reached skill level 1 in Short Blades
  1031 | D:2      | Reached skill level 1 in Long Blades
  1031 | D:2      | Reached skill level 1 in Axes
  1031 | D:2      | Reached skill level 1 in Maces & Flails
  1031 | D:2      | Reached skill level 1 in Polearms
  1031 | D:2      | Reached skill level 1 in Staves
  1031 | D:2      | Reached skill level 1 in Ranged Weapons
  1031 | D:2      | Reached skill level 1 in Throwing
  1031 | D:2      | Reached skill level 1 in Armour
  1031 | D:2      | Reached skill level 1 in Shields
  1031 | D:2      | Reached skill level 1 in Unarmed Combat
  1031 | D:2      | Reached skill level 1 in Evocations
  1528 | D:2      | Reached skill level 1 in Shapeshifting
  1528 | D:2      | Reached XP level 4. HP: 32/32 MP: 9/13
  1643 | D:3      | Learned a level 3 spell: Mephitic Cloud
  1883 | D:3      | Reached skill level 1 in Hexes
  1883 | D:3      | Reached skill level 1 in Necromancy
  1883 | D:3      | Reached skill level 1 in Fire Magic
  1883 | D:3      | Reached skill level 1 in Ice Magic
  1883 | D:3      | Reached skill level 1 in Air Magic
  1883 | D:3      | Reached skill level 1 in Earth Magic
  1883 | D:3      | Reached skill level 1 in Alchemy
  1977 | D:3      | Found a faded altar of an unknown god.
  2152 | D:3      | Reached XP level 5. HP: 33/37 MP: 9/14
  2723 | D:4      | Noticed an ogre
  2729 | D:4      | Killed an ogre
  2730 | D:4      | Reached skill level 5 in Dodging
  2730 | D:4      | Reached XP level 6. HP: 12/44 MP: 8/16
  3214 | D:4      | Noticed Robin
  3229 | D:4      | Killed Robin
  3397 | D:4      | Noticed Pikel
  3427 | D:4      | Killed Pikel
  3428 | D:4      | Reached skill level 5 in Stealth
  3428 | D:4      | Reached XP level 7. HP: 40/51 MP: 12/18
  3637 | D:5      | Entered Level 5 of the Dungeon
  3807 | D:5      | Reached XP level 8. HP: 58/58 MP: 10/19
  3828 | D:5      | Found a glowing drain.
  3841 | Sewer    | Entered a sewer
  4070 | Sewer    | Reached skill level 8 in Spellcasting
  4865 | D:5      | Noticed Blork the orc
  4876 | D:5      | Killed Blork the orc
  4900 | D:5      | Noticed Edmund
  4916 | D:5      | Killed Edmund
  4917 | D:5      | Reached XP level 9. HP: 65/65 MP: 16/21
  4986 | D:5      | Noticed Sigmund
  5025 | D:5      | Killed Sigmund
  5550 | D:6      | Found a shimmering altar of Xom.
  5551 | D:6      | Noticed Menkaure
  5558 | D:6      | Killed Menkaure
  5585 | D:6      | You fall into a shaft and drop 1 floor!
  5949 | D:6      | Noticed Eustachio
  5970 | D:6      | Killed Eustachio
  5971 | D:6      | Reached skill level 5 in Invocations
  6928 | D:7      | Reached skill level 5 in Fighting
  6928 | D:7      | Reached skill level 5 in Short Blades
  6928 | D:7      | Reached skill level 5 in Long Blades
  6928 | D:7      | Reached skill level 5 in Axes
  6928 | D:7      | Reached skill level 5 in Maces & Flails
  6928 | D:7      | Reached skill level 5 in Polearms
  6928 | D:7      | Reached skill level 5 in Staves
  6928 | D:7      | Reached skill level 5 in Ranged Weapons
  6928 | D:7      | Reached skill level 5 in Throwing
  6928 | D:7      | Reached skill level 5 in Armour
  6928 | D:7      | Reached skill level 5 in Shields
  6928 | D:7      | Reached skill level 5 in Unarmed Combat
  6928 | D:7      | Reached skill level 5 in Evocations
  6928 | D:7      | Reached XP level 10. HP: 63/74 MP: 14/22
  7111 | D:7      | Found a radiant altar of Vehumet.
  7135 | D:7      | Found a staircase to the Ecumenical Temple.
  7144 | Temple   | Found a transporter.
  7144 | Temple   | Found a transporter.
  7144 | Temple   | Found a transporter.
  7144 | Temple   | Found a transporter.
  7144 | Temple   | Entered the Ecumenical Temple
  7162 | Temple   | Became a worshipper of Warmaster Okawaru
  7667 | D:8      | Found Gaan's Armour Shoppe.
  7675 | D:8      | Bought a +0 pair of gloves of stealth for 184 gold pieces
  7713 | D:8      | Found Gull's General Store.
  7719 | D:8      | Bought a potion of heal wounds for 70 gold pieces
  7809 | D:8      | Reached skill level 9 in Spellcasting
  7814 | D:8      | Reached skill level 5 in Conjurations
  7814 | D:8      | Reached skill level 5 in Summonings
  7814 | D:8      | Reached skill level 5 in Translocations
  7841 | D:8      | Reached * piety under Okawaru
  7880 | D:8      | Found Midoka's Assorted Antiques.
  7887 | D:8      | Bought a buckler for 112 gold pieces
  7897 | D:8      | Found Lamasam's Magic Scroll Emporium.
  7905 | D:8      | Noticed Maurice
  7924 | D:8      | Reached skill level 5 in Shapeshifting
  8175 | D:8      | Found Ytremoz's Distillery.
  8324 | D:8      | Killed Maurice
  8443 | D:8      | Bought a scroll of noise for 16 gold pieces
  8567 | D:9      | Reached ** piety under Okawaru
  8598 | D:9      | Found Avvikloc's Weapon Shop.
  8758 | D:9      | Reached skill level 5 in Hexes
  8758 | D:9      | Reached skill level 5 in Necromancy
  8758 | D:9      | Reached skill level 5 in Fire Magic
  8758 | D:9      | Reached skill level 5 in Ice Magic
  8758 | D:9      | Reached skill level 5 in Air Magic
  8758 | D:9      | Reached skill level 5 in Earth Magic
  8758 | D:9      | Reached skill level 5 in Alchemy
  8810 | D:9      | Found Tashredd's Magic Scroll Shoppe.
  8818 | D:9      | Bought 2 scrolls of identify for 56 gold pieces
  8818 | D:9      | Bought a scroll of identify for 28 gold pieces
  8905 | D:9      | Reached XP level 11. HP: 81/81 MP: 20/24
  8964 | D:9      | Noticed a two-headed ogre
  8968 | D:9      | Killed a two-headed ogre
  8968 | D:9      | Reached *** piety under Okawaru
  8990 | D:9      | Found a hide-covered altar of Uskayaw.
  9197 | D:9      | Identified the +11 falchion of Thoughtfulness {protect,
                  | rF++}
  9212 | D:9      | Found Onaybrew's Jewellery Shop.
  9362 | D:9      | Bought a scroll of identify for 28 gold pieces
  9380 | D:10     | Entered Level 10 of the Dungeon
  9403 | D:10     | Learned a level 3 spell: Stone Arrow
  9409 | D:10     | Learned a level 5 spell: Freezing Cloud
  9626 | D:10     | Found a staircase to the Lair.
  9983 | D:10     | Reached **** piety under Okawaru
 10302 | D:11     | Noticed a cyclops
 10309 | D:11     | Killed a cyclops
 10356 | D:11     | Noticed a two-headed ogre
 10364 | D:11     | Killed a two-headed ogre
 10446 | D:11     | Noticed a brown ugly thing
 10456 | D:11     | Killed a brown ugly thing
 10457 | D:11     | Reached skill level 10 in Spellcasting
 10461 | D:11     | Reached ***** piety under Okawaru
 10486 | D:11     | Noticed a cyclops
 10493 | D:11     | Killed a cyclops
 10648 | D:11     | Noticed a two-headed ogre
 10655 | D:11     | Killed a two-headed ogre
 10656 | D:11     | Reached XP level 12. HP: 81/91 MP: 20/26
 11076 | D:12     | Received a gift from Okawaru
 11249 | D:12     | Noticed a two-headed ogre
 11256 | D:12     | Killed a two-headed ogre
 11310 | D:12     | Found a staircase to the Orcish Mines.
 11529 | D:12     | Noticed Fannar
 11568 | D:12     | Killed Fannar
 12100 | D:12     | Noticed a death yak
 12100 | D:12     | Noticed a six-headed hydra
 12170 | Lair:1   | Entered Level 1 of the Lair of Beasts
 12271 | Orc:1    | Entered Level 1 of the Orcish Mines
 12274 | Orc:1    | Found a roughly hewn altar of Beogh.
 12813 | Orc:1    | Received a gift from Okawaru
 13291 | Orc:1    | Found a roughly hewn altar of Beogh.
 13342 | Orc:2    | Entered Level 2 of the Orcish Mines
 13342 | Orc:2    | Found Wizoil's Antique Armour Shoppe.
 13348 | Orc:2    | Noticed a two-headed ogre
 13746 | Orc:2    | Reached XP level 13. HP: 45/92 MP: 20/27
 14290 | Orc:2    | Noticed an orc warlord
 14425 | Lair:1   | Reached skill level 11 in Spellcasting
 14704 | Lair:1   | Received a gift from Okawaru
 14787 | Lair:1   | Noticed TwadoKnight's ghost (journeyman MiFi)
 14795 | Lair:1   | Found a transporter.
 14799 | Lair:1   | Found a transporter.
 15044 | Lair:2   | Found a staircase to the Snake Pit.
 15170 | Lair:2   | Found the +7 Kryia's mail coat {PotionHeal*2 rC+}
 15171 | Lair:2   | Found a dark tunnel.
 15179 | Volcano  | Entered a volcano
 15207 | Volcano  | HP: 4/99 [centaur warrior/arrow (1)]
 15328 | Volcano  | Noticed a red draconian
 15340 | Volcano  | Killed a red draconian
 15527 | Lair:2   | Reached skill level 10 in Dodging
 15533 | Lair:2   | Received a gift from Okawaru
 15697 | Lair:2   | Reached skill level 10 in Stealth
 15704 | Lair:2   | Reached ****** piety under Okawaru
 15803 | Lair:2   | Acquired the +2 pair of boots of Dutiofri {Will++ Str+3}
 15803 | Lair:2   | Received a gift from Okawaru
 15839 | Lair:2   | Received a gift from Okawaru
 15850 | Lair:2   | Reached XP level 14. HP: 47/108 MP: 15/29
 16010 | Lair:2   | Reached skill level 10 in Invocations
 16389 | Lair:2   | Found a staircase to the Shoals.
 18137 | Lair:4   | Received a gift from Okawaru
 19058 | Lair:5   | Entered Level 5 of the Lair of Beasts
 19058 | Lair:5   | Found a runed translucent gate.
 19134 | Lair:5   | Reached skill level 12 in Spellcasting
 19368 | Lair:5   | Found a runed translucent gate.
 19485 | Lair:5   | Found a runed translucent gate.
 19487 | Lair:5   | Noticed bmack86's ghost (journeyman MiFi)
 19671 | Lair:5   | Found a viscous altar of Jiyva.
 19671 | Lair:5   | Found a staircase to the Slime Pits.
 20018 | Lair:5   | Received a gift from Okawaru
 20212 | Lair:5   | Reached skill level 10 in Fighting
 20212 | Lair:5   | Reached skill level 10 in Short Blades
 20212 | Lair:5   | Reached skill level 10 in Long Blades
 20212 | Lair:5   | Reached skill level 10 in Axes
 20212 | Lair:5   | Reached skill level 10 in Maces & Flails
 20212 | Lair:5   | Reached skill level 10 in Polearms
 20212 | Lair:5   | Reached skill level 10 in Staves
 20212 | Lair:5   | Reached skill level 10 in Ranged Weapons
 20212 | Lair:5   | Reached skill level 10 in Throwing
 20212 | Lair:5   | Reached skill level 10 in Armour
 20212 | Lair:5   | Reached skill level 10 in Shields
 20212 | Lair:5   | Reached skill level 10 in Unarmed Combat
 20212 | Lair:5   | Reached skill level 10 in Evocations
 20395 | Lair:5   | Identified the amulet "Quatruusm" {Spirit Slay+2 SInv}
 20405 | Lair:5   | Reached XP level 15. HP: 101/115 MP: 22/31
 20574 | Lair:5   | Received a gift from Okawaru
 20748 | Lair:5   | Found a corrupted altar of Lugonu.
 20748 | Lair:5   | Found a one-way gate to the infinite horrors of the Abyss.
 21397 | Lair:5   | Killed bmack86's ghost
 21791 | Orc:2    | Killed an orc warlord
 22151 | Orc:2    | Received a gift from Okawaru
 22367 | Orc:2    | Found a staircase to the Elven Halls.
 22381 | Orc:2    | Found Focuxos's General Store.
 22463 | Orc:2    | Bought a scroll of identify for 32 gold pieces
 22463 | Orc:2    | Bought a scroll of identify for 32 gold pieces
 22736 | Orc:2    | Found Jitterr's Antique Weapon Emporium.
 22886 | Orc:2    | Found Sonefual's Jewellery Shop.
 22900 | Orc:2    | Found Ovarghau's Jewellery Shoppe.
 23118 | Orc:2    | Bought the +3 hat of Pondering {ponderous, Will+ MP+10
                  | Int+5} for 1181 gold pieces
 23118 | Orc:2    | Found the +3 hat of Pondering {ponderous, Will+ MP+10
                  | Int+5}
 23237 | D:13     | Noticed Nessos
 23266 | D:13     | Noticed Azrael
 23279 | D:13     | Killed Azrael
 23321 | D:13     | Found a frozen archway.
 23396 | IceCv    | Entered an ice cave
 23405 | IceCv    | Found a transporter.
 23578 | IceCv    | Found a transporter.
 23682 | IceCv    | Identified the ring of Lisuirph {Ice Fly}
 23781 | D:13     | Killed Nessos
 23789 | D:13     | Received a gift from Okawaru
 24144 | D:13     | Noticed Josephine
 24179 | D:13     | Killed Josephine
 25160 | D:14     | Reached skill level 10 in Shapeshifting
 25317 | D:14     | Found a gate to the Vaults.
 25344 | D:14     | Received a gift from Okawaru
 25348 | D:14     | Reached XP level 16. HP: 124/124 MP: 29/32
 25487 | D:15     | Entered Level 15 of the Dungeon
 25494 | D:15     | Reached skill level 13 in Spellcasting
 25567 | D:15     | Identified the +10 hand axe of Turmoil {holy, rC+ rCorr
                  | Str+3 Stlth+}
 25963 | D:15     | Identified a scroll of acquirement
 25964 | D:15     | Acquired the scarf "Torour" {+Inv, Int+3 Dex+3}
 26455 | D:15     | Received a gift from Okawaru
 26545 | D:15     | Found a staircase to the Depths.
 27199 | Shoals:1 | Entered Level 1 of the Shoals
 28246 | Shoals:2 | Noticed Frances
 28252 | Shoals:2 | Killed Frances
 28380 | Shoals:2 | Received a gift from Okawaru
 28968 | Shoals:1 | HP: 3/122 [poisoned by you (dark miasma)]
 29156 | Shoals:2 | Reached skill level 10 in Conjurations
 29156 | Shoals:2 | Reached skill level 10 in Summonings
 29156 | Shoals:2 | Reached skill level 10 in Translocations
 29164 | Shoals:2 | Received a gift from Okawaru
 29349 | Shoals:2 | Found a runed translucent gate.
 29350 | Shoals:2 | Found a runed translucent gate.
 29351 | Shoals:2 | Found a runed translucent gate.
 29352 | Shoals:2 | Noticed jasper's ghost (adept MiBe)
 30329 | Shoals:3 | Reached XP level 17. HP: 130/133 MP: 34/34
 30592 | Shoals:3 | Reached skill level 10 in Hexes
 30592 | Shoals:3 | Reached skill level 10 in Necromancy
 30592 | Shoals:3 | Reached skill level 10 in Fire Magic
 30592 | Shoals:3 | Reached skill level 10 in Ice Magic
 30592 | Shoals:3 | Reached skill level 10 in Air Magic
 30592 | Shoals:3 | Reached skill level 10 in Earth Magic
 30592 | Shoals:3 | Reached skill level 10 in Alchemy
 30656 | Shoals:3 | Received a gift from Okawaru
 31514 | Shoals:3 | Received a gift from Okawaru
 31991 | Shoals:4 | Entered Level 4 of the Shoals
 31991 | Shoals:4 | Found Tarhia's Vocational Training.
 31992 | Shoals:4 | Upgraded the game from 0.32-a0-876-gcfddb08e57 to
                  | 0.32-a0-886-g41c5271027
 32369 | Shoals:4 | Reached skill level 14 in Spellcasting
 32519 | Shoals:4 | Paralysed by a formless jellyfish for 1 turns
 32657 | Shoals:4 | Received a gift from Okawaru
 32750 | Shoals:4 | Noticed CowFu's ghost (adept MiFi)
 32764 | Shoals:4 | Found a runed translucent door.
 33107 | Shoals:4 | Got the Codex of Hazy Fermentation
 33113 | Shoals:4 | Learned a level 4 spell: Dispel Undead
 33320 | Shoals:4 | Got a barnacled rune of Zot
 33624 | Shoals:4 | Received a gift from Okawaru
 33888 | Shoals:4 | Reached XP level 18. HP: 80/141 MP: 31/36
 33967 | Shoals:4 | Noticed Nikola
 34178 | D:8      | Bought the +0 robe of Resonance {rElec rC+ Int-4 SInv} for
                  | 280 gold pieces
 34417 | Shoals:4 | Killed Nikola
 35062 | Snake:1  | Entered Level 1 of the Snake Pit
 35129 | Snake:1  | Found Dora Fock's Antique Weapon Boutique.
 35178 | Snake:1  | Found Itiexkez's Book Shop.
 35292 | Snake:1  | Received a gift from Okawaru
 35503 | Snake:1  | You are sucked into a shaft and drop 1 floor!
 35534 | Snake:2  | Found Jopt's Antique Armour Boutique.
 37309 | Snake:2  | Found Uxocuom's Book Boutique.
 37403 | Snake:2  | Identified the +6 scale mail of the Nexus {rCorr Dex+8}
 37552 | Snake:2  | Received a gift from Okawaru
 38131 | Snake:2  | Got Ytuorud's Octavo of Incinerated Chilblains
 38163 | Snake:2  | Learned a level 6 spell: Plasma Beam
 38328 | Snake:2  | Identified the +1 scale mail of Enydirchui {^Drain rElec
                  | Str+3}
 39245 | Snake:3  | Received a gift from Okawaru
 39813 | Snake:4  | Entered Level 4 of the Snake Pit
 40128 | Snake:4  | Reached XP level 19. HP: 131/149 MP: 37/37
 40660 | Snake:4  | Reached skill level 15 in Spellcasting
 41287 | Snake:4  | Received a gift from Okawaru
 41364 | Snake:4  | Got a serpentine rune of Zot
 41726 | Vaults:1 | Entered Level 1 of the Vaults
 41861 | Vaults:1 | You fall into a shaft and drop 1 floor!
 42152 | Vaults:2 | Found a staircase to the Crypt.
 42168 | Vaults:2 | HP: 2/150 [yaktaur/bolt[a yaktaur captain] (13)]
 42179 | Vaults:2 | Mangled by a phantasmal warrior

Illustrated notes

Levels and vault maps discovered:
D:1:      dpeg_arrival_radiant, layout_rooms, serial_corexii_hall,
          corexii_hall_statues_l, corexii_hall_statues_x,
          chequers_hall_statues_wall_a, corexii_hall_statues_l
D:2:      layout_basic, serial_bayou_lagoon_a, grunt_ministairs_3,
          minmay_tetromino_s2
D:3:      layout_basic, shapermc_ecumenical_altar_acropolis, hex_intersection,
          st_stairs_10
D:4:      layout_gridville, uniq_pikel, uniq_robin
D:5:      layout_basic, serial_co_window_serial, co_window_paths_b,
          co_window_paths_b, co_window_paths_b, co_window_of_opportunity_a,
          co_window_corner_a, co_window_cross_1, co_window_broadway_b,
          co_window_unsneaky_path_b, co_window_2corner, glass_columns_b,
          glass_columns_a, glass_columns_a, glass_columns_a,
          cheibrodos_sewer_entry_bend, uniq_edmund, uniq_sigmund,
          uniq_blork_the_orc
D:6:      layout_loops_ring, xom_butterflies, kennysheep_generic_room_6,
          uniq_menkaure, uniq_eustachio
D:7:      layout_loops_ring, vehumet_altar_wand_db, temple_hall,
          minmay_fractal_squares_gapless_5
D:8:      layout_basic, serial_shops, shop, shop, kennysheep_mini_moat,
          nicolae_shop_overgrown_old_shop, shop, dreamdust_wishing_well,
          uniq_maurice
D:9:      layout_small_grid, mainiacjoe_overflow_brackets, serial_shops,
          nicolae_shop_back_alley_shop, shop, nicolae_shop_tiny_glass
D:10:     layout_roguey, lair_entry_dummy, minmay_misc_feat_ornament
D:11:     layout_basic
D:12:     layout_loops_cross, zombieorc2_lemuel, minivault_23,
          eino_house_with_fridge, uniq_fannar
D:13:     layout_basic, portal_ice_cave_entry_pillars_1, nicolae_eternal_life,
          uniq_josephine, uniq_nessos, uniq_azrael
D:14:     layout_basic, hellmonk_vaults_keyhole, serial_park_paths
          [serial_park_minivault_5x5_3]
D:15:     hangedman_depths_entry_try_elsewhere_first, layout_loops_ring
Temple:   hellmonk_temple_divided_pantheon
Lair:1:   layout_gridlike, nzn_ghost_randoct, lemuel_fruit_fields
Lair:2:   beast_lair_carwin_large_2, layout_loops_ring,
          minmay_shoals_entry_lonely_mermaid,
          minmay_snake_entry_guardpost_large, enter_volcano_2,
          serial_bayou_lake_a
Lair:3:   layout_layer_cave, chequers_serial_rivers_micro_b, minmay_holes,
          minmay_lindwurm_lava
Lair:4:   layout_roguey, beast_lair_carwin_1
Lair:5:   hellmonk_lair_end_abyssal_woods, layout_hall_layers,
          nicolae_slime_entry_slimehenge, ebering_ghost_rock_garden,
          dreamdust_gnoll_shepherd
Shoals:1: layout_shoals
Shoals:2: layout_shoals, gammafunk_ghost_necromancy,
          nicolae_shoals_sun_and_surf, uniq_frances
Shoals:3: cheibrodos_shoals_epimethial_gifts, layout_shoals
Shoals:4: shoals_end_simple, layout_shoals, hellmonk_ghost_happy_afterlife,
          nicolae_shop_vocational, uniq_nikola
Snake:1:  layout_chambers, minmay_shoptagon, lemuel_fruit_tree,
          grunt_megastairs_5
Snake:2:  layout_grid_maze, serial_shops, nicolae_shop_trees,
          nicolae_snake_snakewalk, minmay_shop_star, serial_bayou_shore_a
Snake:3:  nicolae_snake_nest, layout_onion_interference,
          nicolae_snake_snake_lake
Snake:4:  snake_pit, layout_cave_town
Orc:1:    dreamdust_under_siege, layout_caves, nicolae_orc_beogh_chapel
Orc:2:    grunt_orc_gardens, layout_caves, grunt_orc_garden, grunt_orc_garden,
          grunt_orc_garden, grunt_orc_garden, serial_shops, nicolae_shop_stone
Vaults:1: nicolae_vaults_enemy_cabinets, nicolae_vaults_trapezoid_layered,
          grunt_vaults_trifunnel, nicolae_vaults_heart-shaped_vault,
          v_alt_pattern_3, nicolae_vaults_little_squares_2,
          nicolae_vaults_diagonal_hallway_6, ontoclasm_vaults_claustrophobia,
          vaults_dpeg_emergency_exit, nicolae_vaults_apartment_1,
          nicolae_vaults_trapezoid_4, nicolae_vaults_cornered_office,
          layout_vaults_maze_bifur, uniq_zenata
Vaults:2: gammafunk_ghost_arena, minmay_crypt_entry_simple_sparse,
          nicolae_vaults_tetromino_Z_2, hangedman_vaults_nails,
          vaults_room_corners, dpeg_vaults_monster_box,
          hangedman_vaults_capsules, nicolae_vaults_tetromino_L_1,
          nicolae_vaults_sesquioval_fish, nicolae_vaults_closet_pinwheel_4,
          v_misc_13, nicolae_vaults_little_squares_2,
          nicolae_vaults_diagonal_hallway_9, v_misc_22,
          nicolae_vaults_bisected_slash, layout_vaults_ring, uniq_norris,
          uniq_saint_roka, uniq_margery

Skill      XL: |  1  2  3  4  5  6  7  8  9 10 11 12 13 14 15 16 17 18 19 |
---------------+----------------------------------------------------------+-----
Conjurations   | 2 3 4 5 6 7 8 9 10 11 | 11.7
Summonings     | 2 3 4 5 6 7 8 9 10 11 | 11.7
Translocations | 2 3 4 5 6 7 8 9 10 11 | 11.7
Invocations    | 1 2 3 4 5 6 7 8 9 10 11 12 13 14 | 14.7
Fighting       | 1 2 3 4 5 6 7 8 9 10 11 12 13 | 13.5
Short Blades   | 1 2 3 4 5 6 7 8 9 10 11 12 13 | 13.5
Long Blades    | 1 2 3 4 5 6 7 8 9 10 11 12 13 | 13.5
Axes           | 1 2 3 4 5 6 7 8 9 10 11 12 13 | 13.5
Maces & Flails | 1 2 3 4 5 6 7 8 9 10 11 12 13 | 13.5
Polearms       | 1 2 3 4 5 6 7 8 9 10 11 12 13 | 13.5
Staves         | 1 2 3 4 5 6 7 8 9 10 11 12 13 | 13.5
Ranged Weapons | 1 2 3 4 5 6 7 8 9 10 11 12 13 | 13.5
Throwing       | 1 2 3 4 5 6 7 8 9 10 11 12 13 | 13.5
Armour         | 1 2 3 4 5 6 7 8 9 10 11 12 13 | 13.5
Shields        | 1 2 3 4 5 6 7 8 9 10 11 12 13 | 13.5
Unarmed Combat | 1 2 3 4 5 6 7 8 9 10 11 12 13 | 13.5
Evocations     | 1 2 3 4 5 6 7 8 9 10 11 12 13 | 13.5
Shapeshifting  | 1 2 3 4 5 6 7 8 9 10 11 12 | 12.5
Hexes          | 1 2 3 4 5 6 7 8 9 10 11 | 11.5
Necromancy     | 1 2 3 4 5 6 7 8 9 10 11 | 11.5
Fire Magic     | 1 2 3 4 5 6 7 8 9 10 11 | 11.5
Ice Magic      | 1 2 3 4 5 6 7 8 9 10 11 | 11.5
Air Magic      | 1 2 3 4 5 6 7 8 9 10 11 | 11.5
Earth Magic    | 1 2 3 4 5 6 7 8 9 10 11 | 11.5
Alchemy        | 1 2 3 4 5 6 7 8 9 10 11 | 11.5
Dodging        | 5 6 7 8 9 10 11 12 13 14 | 14.2
Stealth        | 5 6 7 8 9 10 11 12 13 14 | 14.1
Spellcasting   | 8 9 10 11 12 13 14 15 | 15.1

Action                     |  1- 3 |  4- 6 |  7- 9 | 10-12 | 13-15 | 16-18 | 19-21 || total
---------------------------+-------+-------+-------+-------+-------+-------+-------++-------
  Melee: Dagger            |    71 |    97 |   274 |   157 |    15 |       |       ||   614
         Bite              |     6 |    14 |    39 |    75 |    86 |    87 |    34 ||   341
         Flail             |       |       |       |    24 |       |       |       ||    24
         Falchion          |       |       |       |   316 |   562 |   463 |   180 ||  1521
         War axe           |       |       |       |       |    13 |     9 |       ||    22
  Throw: Dart              |       |       |       |     1 |       |     5 |       ||     6
   Cast: Magic Dart        |    33 |    65 |    70 |    49 |       |     6 |       ||   223
         Cigotuvi's Dreadf |     1 |       |       |     1 |       |     1 |       ||     3
         Mephitic Cloud    |       |     4 |    16 |    14 |    12 |     4 |       ||    50
         Freezing Cloud    |       |       |       |    13 |   132 |   250 |    48 ||   443
         Stone Arrow       |       |       |       |    86 |   150 |   267 |    19 ||   522
         Blink             |       |       |       |     1 |     4 |     4 |     1 ||    10
         Plasma Beam       |       |       |       |       |       |       |     3 ||     3
 Invoke: Receive Armour    |       |       |       |       |     1 |       |       ||     1
         Heroism           |       |       |       |       |     1 |       |       ||     1
         Finesse           |       |       |       |       |     1 |       |       ||     1
  Evoke: Wand              |       |       |     4 |     2 |     4 |       |       ||    10
         Gell's gravitambo |       |       |       |       |       |     2 |       ||     2
    Use: Scroll            |       |       |     9 |     5 |    14 |     5 |     2 ||    35
         Potion            |       |       |     1 |     3 |     5 |     1 |       ||    10
   Stab: Sleeping          |     3 |     1 |     2 |     9 |    16 |     6 |     2 ||    39
         Confused          |       |     2 |     5 |     8 |     3 |       |       ||    18
         Paralysed         |       |       |       |     1 |       |       |       ||     1
         Invisible         |       |       |       |     1 |     1 |       |       ||     2
         Distracted        |       |       |       |     2 |     1 |     3 |     1 ||     7
 Armour: Robe              |     5 |       |       |       |       |       |       ||     5
         Ring mail         |    32 |    34 |   153 |    28 |       |       |       ||   247
         Troll leather arm |       |       |       |   266 |   398 |   368 |       ||  1032
         Scale mail        |       |       |       |       |       |   123 |   135 ||   258
  Dodge: Dodged            |    39 |    46 |   118 |   314 |   394 |   458 |   109 ||  1478
  Block: Buckler           |       |       |       |   142 |   212 |   189 |       ||   543
         Kite shield       |       |       |       |       |       |   111 |   198 ||   309
         Reflection        |       |       |       |       |       |    20 |       ||    20

Table legend: (Time is in decaauts)
 A = Elapsed time spent in this place.
 B = Non-inter-level travel time spent in this place.
 C = Inter-level travel time spent in this place.
 D = Time resting spent in this place.
 E = Time spent auto-exploring this place.
 F = Levels seen in this place.
 G = Mean time per level.
                   A        B        C        D        E       F      G
               +--------+--------+--------+--------+--------+-----+--------+
         Total |  43034 |  40179 |   2855 |   5654 |  25799 |  36 | 1195.4 |
       Dungeon |  16008 |  14713 |   1295 |   1065 |  10501 |  15 | 1067.2 |
        Temple |     36 |      5 |     31 |      0 |      0 |   1 |   36.0 |
          Lair |   7345 |   6728 |    617 |    807 |   4684 |   5 | 1469.0 |
        Shoals |   7799 |   7388 |    411 |   2130 |   3624 |   4 | 1949.8 |
     Snake Pit |   6783 |   6464 |    319 |    442 |   4717 |   4 | 1695.8 |
  Orcish Mines |   3083 |   2903 |    180 |   1012 |   1160 |   2 | 1541.5 |
        Vaults |    441 |    441 |      0 |    119 |    180 |   2 |  220.5 |
         Sewer |    937 |    937 |      0 |      0 |    606 |   1 |  937.0 |
      Ice Cave |    281 |    281 |      0 |      0 |    187 |   1 |  281.0 |
       Volcano |    317 |    317 |      0 |     78 |    137 |   1 |  317.0 |
               +--------+--------+--------+--------+--------+-----+--------+

Top non-repeatable levels by time:
Shoals:3: 2264 daAuts
  Lair:5: 2198 daAuts
Shoals:4: 2046 daAuts
 Snake:2: 2045 daAuts
 Snake:1: 2043 daAuts
    D:12: 1962 daAuts
  Lair:2: 1871 daAuts
Shoals:1: 1753 daAuts
 Snake:4: 1752 daAuts
Shoals:2: 1735 daAuts
   Orc:1: 1569 daAuts
   Orc:2: 1514 daAuts
  Lair:4: 1404 daAuts
  Lair:3: 1195 daAuts
    D:13: 1173 daAuts
